 Dungeon Crawl Stone Soup version 0.18.1-8-gdd0e5ea (webtiles) character file.

4931 georgeearnest the Grappler (level 10, -4/100 HPs)
             Began as a Troll Monk on May 28, 2016.
             Was a High Priest of Pakellas.
             Hit by a tomahawk of returning thrown by an orc warrior (11 damage)
             ... on level 1 of the Orcish Mines.
             The game lasted 00:30:20 (9097 turns).

georgeearnest the Grappler (Troll Monk)             Turns: 9097, Time: 00:30:21

Health: -4/100     AC:  5    Str: 18 (21) XL:     10   Next: 27%
Magic:  9/9        EV: 15    Int:  3 (6)  God:    Pakellas [*****.]
Gold:   507        SH:  0    Dex: 17 (20) Spells: 0 memorised, 9 levels left

rFire  . . .     SeeInvis .       - Unarmed
rCold  + . .     Gourm    +     a - +0 robe
rNeg   . . .     Faith    .     (no shield)
rPois  +         Spirit   .     (helmet restricted)
rElec  .         Dismiss  .     (no cloak)
rCorr  .         Reflect  .     (gloves unavailable)
SustAt .         Harm     +     (boots unavailable)
MR     +....                    j - amulet of harm
Stlth  +++.......               P - ring of protection from magic
                                (no ring)

@: agile, very slightly contaminated, somewhat resistant to hostile
enchantments, fairly stealthy
A: unfitting armour, claws 3, hooves 1, horns 1, cold resistance 1, fast
metabolism 3, gourmand, poison resistance, regeneration 2, shaggy fur 1, tough
skin 2
a: Quick Charge, Device Surge, Renounce Religion


You were on level 1 of the Orcish Mines.
You worshipped Pakellas.
Pakellas was extremely pleased with you.
You were very full.

You visited 2 branches of the dungeon, and saw 10 of its levels.

You collected 507 gold pieces.

Inventory:

Hand Weapons
 J - a +1 quarterstaff of draining
Missiles
 p - 2 silver tomahawks (quivered)
Armour
 a - a +0 robe (worn)
 w - a +0 large shield
Rods
 Q - a +1 rod of inaccuracy (13/13)
   (You found it on level 9 of the Dungeon)
 V - a +5 rod of ignition (10/10)
   (Pakellas gifted it to you on level 9 of the Dungeon)
Jewellery
 e - an uncursed amulet of the gourmand
 j - an amulet of harm (around neck)
 P - a ring of protection from magic (right claw)
Wands
 t - a wand of random effects (28/48)
 K - a wand of enslavement (13/24)
 M - a wand of slowing (24/48)
 R - a wand of iceblast (4/15)
Scrolls
 c - 3 scrolls of magic mapping
 d - 3 scrolls of teleportation
 f - a scroll of recharging
 g - a scroll of random uselessness
 l - 5 scrolls of noise
 m - 4 scrolls of remove curse
 o - 2 scrolls of enchant weapon
 x - 4 scrolls of identify
 A - 5 scrolls of amnesia
 L - 2 scrolls of immolation
 N - a scroll of enchant armour {unknown}
Potions
 i - 3 potions of magic
 D - 2 potions of lignification
 E - 2 potions of cure mutation
 H - 2 potions of ambrosia {unknown}
 I - 2 potions of mutation {unknown}
 O - a potion of might {unknown}
Books
 s - a book of Power

   Spells                             Type                      Level
   a - Fulminant Prism                Conjuration/Hexes            4
   b - Iskenderun's Mystic Blast      Conjuration                  4
   c - Venom Bolt                     Conjuration/Poison           5
   d - Bolt of Magma                  Conjuration/Fire/Earth       5
   e - Iron Shot                      Conjuration/Earth            6
   f - Orb of Destruction             Conjuration                  7
   g - Spellforged Servitor           Conjuration/Summoning        7
 y - a book of Fire

   Spells                             Type                      Level
   a - Ignite Poison                  Fire/Transmutation/Poison    3
   b - Fireball                       Conjuration/Fire             5
   c - Bolt of Fire                   Conjuration/Fire             6
   d - Delayed Fireball               Conjuration/Fire             7
   e - Ring of Flames                 Charms/Fire                  7
 U - a book of Envenomations

   Spells                             Type                      Level
   a - Spider Form                    Transmutation/Poison         3
   b - Olgreb's Toxic Radiance        Poison                       4
   c - Alistair's Intoxication        Transmutation/Poison         5
   d - Poisonous Cloud                Conjuration/Poison/Air       6
Miscellaneous
 S - a disc of storms
 T - a stone of tremors (inert)
Comestibles
 b - 11 bread rations
 h - 3 slices of pizza
 q - 2 fruits
 B - a royal jelly
 C - a meat ration


   Skills:
 + Level 6.9 Fighting
 + Level 8.5 Dodging
 + Level 3.2 Stealth
 + Level 8.6 Unarmed Combat
 + Level 0.9 Evocations


You had 9 spell levels left.
You didn't know any spells.

Dungeon Overview and Level Annotations

Branches:
Dungeon (9/15)             Temple (0/1) D:7             Orc (1/2) D:9
   Lair: D:8-11

Altars:
Ashenzari
Cheibriados
Dithmenos
Elyvilon
Gozag
Okawaru
Pakellas
Qazlal
Sif Muna
Trog
Yredelemnul
Zin

Shops:
D:5 (   D:7 ?

Annotations:
D:4 Menkaure
D:8 Erolcha


Innate Abilities, Weirdness & Mutations

You are too large for most types of armour.
You have claws for hands.
Your metabolism is lightning-fast.
You like to eat raw meat.
You heal very quickly.
You are covered in fur (AC +1).
You have very tough skin (AC +2).
You have large cloven feet.
You have a pair of small horns on your head.
Your flesh is cold resistant.
Your system is resistant to poisons.


Message History

The troll closely misses you. x2
Drink which item? (? for menu, Esc to quit)
Okay, then.
Read which item? (? for menu, Esc to quit)
Blink to where?
Press: ? - help, Dir - move target cursor You are very lightly contaminated with residual magic.
As you read the scroll of blinking, it crumbles to dust.
The orc warrior throws a tomahawk of returning.
The tomahawk of returning hits you!
* * * LOW HITPOINT WARNING * * *
The weapon returns to the orc warrior!
Your earth elemental hits the troll!!!
The troll dies!
Pakellas accepts your kill.
There is a staircase back to the Dungeon here.
The orc warrior throws a tomahawk of returning.
The tomahawk of returning hits you!
You die...
Pakellas says: Back to the drawing board!

...$...#...o## ..
......Eo.### #.$.#
#......)...
#...$##..........
.#...#......o...##
.................#
................##
.#......$.....#..
.........@##...#
......).#####.##
#........# ###
..........#
............
.......##....
....#.# #..#..
....## ... o ...
....


You could see an orc warrior, an orc and a friendly earth elemental.

Vanquished Creatures
  6 yaks (D:9)
  A spriggan (D:7)
  A hungry ghost (D:7)
  2 water moccasins
  A sky beast (D:6)
  2 ice beasts
  2 phantoms (D:7)
  2 black bears
  A centaur (D:9)
  4 ogres
  3 giant frogs
  Dowan (D:7)
  A scorpion (D:5)
  8 killer bees
  3 howler monkeys (D:7)
  4 crimson imps
  A giant frog zombie (D:7)
  4 hounds
  2 orc priests
  A giant frog skeleton (D:7)
  4 jellies
  An iguana (D:5)
  9 orc wizards
  3 worker ants
  2 hound skeletons
  3 worker ant zombies
  2 gnolls (D:6)
  8 adders
  2 shadow imps
  3 dart slugs (D:1)
  7 giant geckos
  39 orcs
  4 ball pythons
  8 giant cockroaches
  12 goblins
  8 hobgoblins
  10 jackals
  16 kobolds
  3 quokkas
  9 bats
  A giant gecko skeleton (D:5)
  5 giant newts
  2 quokka skeletons (D:7)
  A quokka zombie (D:9)
  39 rats
251 creatures vanquished.

Vanquished Creatures (collateral kills)
  An ugly thing (D:8)
  A troll (Orc:1)
  A two-headed ogre (D:9)
  Duvessa (D:7)
  An orc warrior (D:7)
  A centaur (D:7)
  An iguana (D:9)
  A shadow imp (D:9)
  5 orcs (D:9)
13 creatures vanquished.

Grand Total: 264 creatures vanquished

Notes
Turn   | Place    | Note
--------------------------------------------------------------
     0 | D:1      | georgeearnest the Troll Monk began the quest for the Orb.
     0 | D:1      | Reached XP level 1. HP: 22/22 MP: 0/0
   341 | D:1      | Reached XP level 2. HP: 29/29 MP: 1/1
   623 | D:1      | Reached XP level 3. HP: 36/36 MP: 2/2
  1150 | D:2      | Reached XP level 4. HP: 39/45 MP: 3/3
  1417 | D:2      | Found a basalt altar of Yredelemnul.
  1580 | D:2      | Found a white marble altar of Elyvilon.
  1693 | D:2      | Found a stormy altar of Qazlal.
  1907 | D:3      | Found a snail-covered altar of Cheibriados.
  2040 | D:3      | Reached XP level 5. HP: 48/53 MP: 4/4
  2738 | D:4      | Found a deep blue altar of Sif Muna.
  2779 | D:4      | Noticed Menkaure
  3130 | D:4      | Found a shattered altar of Ashenzari.
  3130 | D:4      | Found a shadowy altar of Dithmenos.
  3624 | D:5      | Entered Level 5 of the Dungeon
  3642 | D:5      | Reached XP level 6. HP: 42/62 MP: 5/5
  3832 | D:5      | Found Yrphol's Antique Weapon Emporium.
  4015 | D:5      | Found an oddly glowing altar of Pakellas.
  4048 | D:5      | Reached skill level 5 in Unarmed Combat
  4059 | D:5      | Became a worshipper of Pakellas the Inventive
  4059 | D:5      | Reached * piety under Pakellas
  4059 | D:5      | Received a gift from Pakellas
  4059 | D:5      | Reached ** piety under Pakellas
  4059 | D:5      | Received a gift from Pakellas
  4154 | D:5      | Noticed an ice beast
  4168 | D:5      | Killed an ice beast
  4168 | D:5      | Reached XP level 7. HP: 62/70 MP: 6/6
  4232 | D:5      | Found an opulent altar of Gozag.
  4521 | D:6      | Reached skill level 5 in Dodging
  4525 | D:6      | Gained mutation: Your system is resistant to poisons. [mutagenic meat]
  4527 | D:6      | Gained mutation: Your flesh is cold resistant. [mutagenic meat]
  4635 | D:6      | Reached XP level 8. HP: 40/79 MP: 7/7
  4808 | D:6      | Found a bloodstained altar of Trog.
  4835 | D:6      | Reached skill level 5 in Fighting
  4849 | D:6      | Found an iron altar of Okawaru.
  4992 | D:7      | Noticed Duvessa
  4992 | D:7      | Noticed Dowan
  5006 | D:7      | Reached *** piety under Pakellas
  5006 | D:7      | Received a gift from Pakellas
  5020 | D:7      | Killed Duvessa
  5022 | D:7      | Killed Dowan
  5642 | D:7      | Reached XP level 9. HP: 67/89 MP: 8/8
  5743 | D:7      | Found Bungeirch's Magic Scroll Shop.
  5853 | D:7      | Found a staircase to the Ecumenical Temple.
  6098 | D:8      | Noticed a red ugly thing
  6657 | D:8      | Killed a red ugly thing
  6691 | D:8      | Gained mutation: You have a pair of small horns on your head. [mutagenic meat]
  6694 | D:8      | Gained mutation: You have large cloven feet. [mutagenic meat]
  7227 | D:9      | Reached **** piety under Pakellas
  7227 | D:9      | Received a gift from Pakellas
  7333 | D:9      | Identified a +1 rod of inaccuracy (13/13) (You found it on level 9 of the Dungeon)
  7517 | D:8      | Noticed Erolcha
  7682 | D:9      | Found a staircase to the Orcish Mines.
  8208 | D:9      | Reached ***** piety under Pakellas
  8208 | D:9      | Received a gift from Pakellas
  8310 | D:9      | Found a glowing silver altar of Zin.
  8311 | D:9      | Identified a +5 rod of ignition (10/10) (Pakellas gifted it to you on level 9 of the Dungeon)
  8314 | D:9      | Found a bloodstained altar of Trog.
  8335 | D:9      | Reached XP level 10. HP: 97/100 MP: 9/9
  9059 | Orc:1    | Entered Level 1 of the Orcish Mines
  9093 | Orc:1    | HP: 4/100 [orc warrior/tomahawk of returning (16)]
  9097 | Orc:1    | Hit by a tomahawk of returning thrown by an orc warrior

Skill      XL: |  1  2  3  4  5  6  7  8  9 |
---------------+----------------------------+-----
Fighting       | 3 4 5 6 |  6.9
Dodging        | 3 4 5 6 8 |  8.5
Unarmed Combat | 5 7 8 |  8.6
Stealth        | 2 3 |  3.2
Evocations     | |  0.9

Action                   |  1- 3 |  4- 6 |  7- 9 | 10-12 || total
-------------------------+-------+-------+-------+-------++-------
Melee: Unarmed           |   107 |   205 |   325 |    41 ||   678
       Punch             |     1 |     2 |    16 |     1 ||    20
       Kick              |       |       |    33 |    12 ||    45
       Headbutt          |       |       |    26 |    12 ||    38
Throw: Tomahawk          |       |       |     1 |       ||     1
Evoke: Sack of spiders   |       |       |    12 |       ||    12
       Stone of tremors  |       |       |       |     1 ||     1
  Use: Scroll            |       |       |    18 |     1 ||    19
       Potion            |       |       |     8 |     8 ||    16
 Stab: Distracted        |     1 |       |     1 |       ||     2
       Sleeping          |       |     2 |     1 |       ||     3
  Eat: Chunk             |    10 |     9 |    45 |     9 ||    73
       Bread ration      |     1 |     1 |     2 |       ||     4
       Beef jerky        |       |     2 |       |       ||     2
       Meat ration       |       |     1 |       |       ||     1
       Royal jelly       |       |     1 |       |       ||     1
Armor: Robe              |    56 |    77 |    80 |    11 ||   224
Dodge: Dodged            |    64 |   119 |   259 |    58 ||   500
